 Dungeon Crawl Stone Soup version 0.30-a0-359-gd0147acb1a (webtiles) character file.

Game seed: 13799089425336963285

167 themarg the Caller (level 5, -5/35 HPs)
             Began as a Merfolk Summoner on Nov 12, 2022.
             Killed from afar by Grinder (12 damage)
             ... with a puff of flame
             ... in a sewer.
             The game lasted 00:11:26 (2189 turns).

themarg the Caller (Merfolk Summoner)               Turns: 2189, Time: 00:11:27

Health: -5/35      AC:  4    Str:  9    XL:     5   Next: 48%
Magic:  1/10       EV: 15    Int: 16    God:
Gold:   94         SH:  0    Dex: 14    Spells: 7/11 levels left

rFire   . . .      SeeInvis .    f - +0 spear
rCold   . . .      Faith    .    (no shield)
rNeg    . . .      Spirit   .    j - +1 robe {Will+}
rPois   .          Reflect  .    (no helmet)
rElec   .          Harm     .    (no cloak)
rCorr   .          Rampage  .    g - +0 pair of gloves
Will    +....                    (boots currently unavailable)
Stlth   +++.......               (no amulet)
HPRegen 0.25/turn                (no ring)
MPRegen 0.12/turn                (no ring)

@: very quick
A: nimble swimmer 2, mertail
a: no special abilities


You were in a sewer.
You visited 1 branch of the dungeon, and saw 3 of its levels.
You also visited: Sewer.

You collected 94 gold pieces.

Inventory:

Hand Weapons
 c - a +0 short sword
 f - a +0 spear (weapon)
Missiles
 l - 23 stones
 o - a throwing net
Armour
 a - a +0 robe
 g - a +0 pair of gloves (worn)
 j - a +1 robe of willpower (worn)
Jewellery
 e - a ring of flight
Scrolls
 d - 2 scrolls of noise {unknown}
 h - 2 scrolls of teleportation {unknown}
 i - a scroll of magic mapping {unknown}
 k - 2 scrolls of blinking {unknown}
 m - 2 scrolls of identify {unknown}
 n - a scroll of acquirement {unknown}
 r - a scroll of poison {unknown}
Potions
 b - 2 potions of magic
 p - 3 potions of curing {unknown}
 q - 2 potions of degeneration {unknown}
 s - a potion of attraction {unknown}
 t - a potion of haste {unknown}


   Skills:
 - Level 2.6 Dodging
 - Level 3.0 Stealth
 + Level 3.7 Spellcasting
 + Level 5.2 Summonings


You had 7 spell levels left.
You knew the following spells:

 Your Spells              Type           Power      Damage    Failure   Level
a - Summon Small Mammal   Summ           76%        N/A       1%          1
b - Call Canine Familiar  Summ           19%        N/A       6%          3

Your spell library contained the following spells:

 Spells                   Type           Power      Damage    Failure   Level
 Call Imp                 Summ           19%        N/A       3%          2
 Summon Guardian Golem    Hex/Summ       11%        N/A       19%         3
 Gell's Gravitas          Tloc           2%         N/A       45%         3
 Lesser Beckoning         Tloc           4%         N/A       45%         3
 Teleport Other           Tloc           2%         N/A       45%         3
 Summon Lightning Spire   Summ/Air       11%        N/A       52%         4


Dungeon Overview and Level Annotations

Branches:
Dungeon (3/15)              Sewer (1/1)

Altars:
Nemelex Xobeh

Annotations:
D:3 Natasha Sewer Grinder


Innate Abilities, Weirdness & Mutations

You are very nimble when in or above water. (Stealth+, EV+, Speed+++)
Your lower body shifts to a powerful aquatic tail in water.


Message History

The kobold dies!
Something closely misses your hound. Something hits your hound.
Grinder closely misses your hound.
Your hound bites Grinder but does no damage.
Something hits your hound. Something misses your hound.
Reach: f) +0 spear
Press: ? - help, Dir - move target, f - Grinder
Aim: Grinder, carrying a wand of flame (12) (ally target, about 43% to evade your +0 spear)
You could not reach far enough!
Your hound closely misses Grinder.
Something misses your hound. Something closely misses your hound.
Grinder closely misses your hound.
Your hound bites Grinder but does no damage.
Something hits your hound. Something closely misses your hound.
Reach: f) +0 spear
Press: ? - help, Dir - move target, f/p - Grinder
Aim: Grinder, carrying a wand of flame (12) (about 43% to evade your +0 spear)
You could not reach far enough!
You closely miss Grinder.
Your hound closely misses Grinder.
Grinder zaps a wand.
The puff of flame hits you!
Your hound splashes around in the water.
You hit Grinder but do no damage.
You tail-slap Grinder, but do no damage.
You are engulfed in a cloud of scalding steam.
Grinder is engulfed in a cloud of scalding steam.
Grinder hits you!
You writhe in agony.
Your hound is engulfed in a cloud of scalding steam.
Your hound dies!
Your hound's corpse disappears in a puff of smoke!
Grinder is engulfed in a cloud of scalding steam.
Grinder hits you but does no damage.
Casting: Call Canine Familiar (dangerous; 6% risk of failure)
Confirm with . or Enter, or press ? or * to list all spells.
Grinder is engulfed in a cloud of scalding steam.
Grinder zaps a wand.
The puff of flame hits you!
* * * LOW HITPOINT WARNING * * *
You barely miss Grinder.
Grinder is almost dead.
Your hound barely misses Grinder.
Grinder zaps a wand.
The puff of flame hits you!
You die...

.⌠..#≈≈ ....'..
_.⌠.'.. KK..' K...
5†# #############5##
#
#~~≈#~~~≈≈@#)..#≈≈≈≈
#≈≈~~~~~≈.~5)...~.~~
#≈~~#......#h..#....
#≈≈~#'#######≈## ###
#≈~~#...)..#≈≈≈# .
#≈≈~#~~~~..#≈≈≈#..
#≈≈≈#~≈~≈≈...≈...~≈≈
#≈≈≈#≈≈≈≈~.#...#≈≈≈≈
#≈≈≈#≈≈≈≈)≈≈...#≈≈≈≈


You could see Grinder (ally target) and a friendly hound (summoned).

Vanquished Creatures
  Jessica (D:2)
  An adder (D:2)
  A shadow imp (Sewer)
  2 ufetubi (Sewer)
  A bat zombie (Sewer)
  An endoplasm (Sewer)
  A giant cockroach (D:1)
  A goblin (D:2)
  2 hobgoblins
  2 jackals (D:2)
  7 kobolds
  3 ball pythons (D:1)
  3 bats
  A rat (D:1)
27 creatures vanquished.

Vanquished Creatures (collateral kills)
  2 adders
  2 shadow imps (Sewer)
  An adder zombie (Sewer)
  A worm (D:2)
  2 dart slugs
  7 ball pythons
  3 bats
  3 endoplasms
  2 giant cockroaches (D:2)
  2 jackals (D:2)
  4 frilled lizards (D:1)
  6 goblins
  11 kobolds
  A kobold zombie (Sewer)
  2 rats
49 creatures vanquished.

Grand Total: 76 creatures vanquished

Notes
Turn   | Place    | Note
-------+----------+-------------------------------------------
     0 | D:1      | themarg the Merfolk Summoner began the quest for the Orb.
     0 | D:1      | Reached XP level 1. HP: 13/13 MP: 3/3
   172 | D:1      | Reached XP level 2. HP: 19/19 MP: 1/5
   782 | D:1      | Reached XP level 3. HP: 22/24 MP: 3/6
  1305 | D:2      | Learned a level 3 spell: Call Canine Familiar
  1454 | D:2      | Noticed Jessica
  1461 | D:2      | Killed Jessica
  1462 | D:2      | Reached XP level 4. HP: 30/30 MP: 2/8
  1863 | D:3      | Found a sparkling altar of Nemelex Xobeh.
  1900 | D:3      | Noticed Natasha
  1928 | D:3      | Found a glowing drain.
  1937 | Sewer    | Entered a sewer
  1945 | Sewer    | Reached skill level 5 in Summonings
  1945 | Sewer    | Reached XP level 5. HP: 34/35 MP: 6/10
  2160 | Sewer    | Found an ancient bone altar of Kikubaaqudgha.
  2170 | Sewer    | Noticed Grinder
  2189 | Sewer    | Killed from afar by Grinder

Illustrated notes

Levels and vault maps discovered:
D:1:      onia_arrival_pentagram, layout_basic, minmay_misc_feat_iff,
          chequers_hall_statues_y
D:2:      layout_basic, nrook_campfire, minmay_indecisive_spiral, uniq_jessica
D:3:      layout_basic, nemelex_spade_bored_becter, portal_sewer_entry_d,
          uniq_ijyb, uniq_natasha, uniq_terence
Sewer:    kennysheep_sewer_church

Skill      XL: |  1  2  3  4 |
---------------+-------------+-----
Stealth        | 3 |  3.0
Spellcasting   | 3 |  3.7
Summonings     | 5 |  5.2
Dodging        | |  2.6

Action                   |  1- 3 |  4- 6 || total
-------------------------+-------+-------++-------
Melee: Unarmed           |    14 |       ||    14
       Short sword       |    10 |       ||    10
       Spear             |    61 |    76 ||   137
       Tailslap          |       |     8 ||     8
 Cast: Summon Small Mamm |    43 |     1 ||    44
       Call Canine Famil |     1 |    11 ||    12
 Stab: Distracted        |     3 |     1 ||     4
       Sleeping          |     1 |     1 ||     2
Armor: Robe              |    21 |     8 ||    29
Dodge: Dodged            |    57 |    31 ||    88

Table legend: (Time is in decaauts)
 A = Elapsed time spent in this place.
 B = Non-inter-level travel time spent in this place.
 C = Inter-level travel time spent in this place.
 D = Time resting spent in this place.
 E = Time spent auto-exploring this place.
 F = Levels seen in this place.
 G = Mean time per level.
                   A        B        C        D        E       F      G
               +--------+--------+--------+--------+--------+-----+--------+
         Total |   2189 |   2155 |     34 |     65 |   1444 |   4 |  547.2 |
       Dungeon |   1942 |   1908 |     34 |     65 |   1307 |   3 |  647.3 |
         Sewer |    246 |    246 |      0 |      0 |    137 |   1 |  246.0 |
               +--------+--------+--------+--------+--------+-----+--------+

Top non-repeatable levels by time:
     D:1: 963 daAuts
     D:2: 791 daAuts
   Sewer: 246 daAuts
     D:3: 188 daAuts
